[Event "WYCC U18 Girls 2019"]
[Site "Mumbai"]
[Date "2019.10.03"]
[Round "2.1"]
[White "Tanishka Kotia"]
[Black "Shuvalova, Polina"]
[Result "0-1"]
[ECO "A40"]
[WhiteElo "2090"]
[BlackElo "2412"]
[Annotator "NA"]
[PlyCount "62"]
[EventDate "2019.10.02"]
[EventType "swiss"]
[EventCountry "IND"]
[SourceTitle "playchess.com"]
[Source "ChessBase"]
[SourceQuality "1"]
[TimeControl "40/5400+30:1800+30"]

1. c4 e6 2. d4 Nf6 3. g3 c5 4. e3 cxd4 5. exd4 d5 6. Bg2 Bb4+ 7. Bd2 Bxd2+ 8. Nxd2 O-O 9. Ngf3 b6 10. O-O Bb7 11. c5 Nc6 12. a3 bxc5 13. dxc5 e5 14. b4 e4 15. Ng5 Ba6 16. Re1 Rb8 17. Nb3 Bd3 18. f3 Re8 19. Nc1 Bc4 20. fxe4 h6 21. exd5 Rxe1+ 22. Qxe1 Bxd5 23. Nh3 Bxg2 24. Kxg2 Qd5+ 25. Kf1 Re8 26. Ne2 Qh1+ 27. Nhg1 Ng4 28. Qc1 Qxh2 29. Qf4 Ne3+ 30. Qxe3 Rxe3 31. b5 Ne5 0-1

[Event "WYCC U18 Girls 2019"]
[Site "Mumbai"]
[Date "2019.10.03"]
[Round "2.2"]
[White "Vantika Agrawal"]
[Black "Makhija, Aashna"]
[Result "1/2-1/2"]
[ECO "E06"]
[WhiteElo "2283"]
[BlackElo "2084"]
[Annotator "NA"]
[PlyCount "182"]
[EventDate "2019.10.02"]
[EventType "swiss"]
[EventCountry "IND"]
[SourceTitle "playchess.com"]
[Source "ChessBase"]
[SourceQuality "1"]
[TimeControl "40/5400+30:1800+30"]

1. d4 Nf6 2. Nf3 d5 3. c4 e6 4. g3 Be7 5. Bg2 O-O 6. O-O dxc4 7. Qc2 a6 8. a4 Bd7 9. Bg5 Bc6 10. Rd1 b5 11. Bxf6 Bxf6 12. Nbd2 g6 13. b3 cxb3 14. Nxb3 Bd5 15. e4 Bxb3 16. Qxb3 bxa4 17. Qxa4 Nd7 18. Qc6 Nb6 19. e5 Be7 20. d5 exd5 21. Nd4 Qc8 22. e6 f6 23. Rac1 Ra7 24. Bxd5 Rd8 25. Bf3 Rd6 26. Qe4 Qe8 27. Nc6 Ra8 28. Rxd6 Bxd6 29. e7 Qf7 30. Nd8 Qxe7 31. Qxe7 Bxe7 32. Bxa8 Nxa8 33. Nc6 Bd6 34. Ra1 Nb6 35. Rxa6 Nd7 36. Nd4 Bc5 37. Nb5 Bb6 38. Kg2 Nc5 39. Ra8+ Kf7 40. Rh8 Kg7 41. Rc8 Ne6 42. Nc3 Bc5 43. Nd5 Bd6 44. Re8 Kf7 45. Rc8 Kg7 46. Kf3 Kf7 47. Ke3 Bc5+ 48. Ke2 Bd6 49. f4 f5 50. Ne3 Bc5 51. Nc4 Kg7 52. Ne5 Bd6 53. Nf3 Kf6 54. Kd3 h6 55. Nd4 Nxd4 56. Kxd4 g5 57. Ke3 gxf4+ 58. gxf4 Bc5+ 59. Kf3 Bd6 60. Rg8 Kf7 61. Rg2 Kf6 62. h4 h5 63. Rg5 Be7 64. Rxh5 Kg6 65. Rg5+ Bxg5 66. hxg5 Kf7 67. Ke3 Ke6 68. Kd4 Kd6 69. Kc3 Kd5 70. Kb4 c5+ 71. Kb3 Ke6 72. Kc2 Kd5 73. Kd3 Ke6 74. Ke3 Kd5 75. Kd2 Kd6 76. Kc2 Kd5 77. Kb2 Kd6 78. Ka3 Kd5 79. Ka4 Kd6 80. Ka5 Kd5 81. Kb5 c4 82. Kb4 Kd4 83. g6 c3 84. Kb3 Kd3 85. g7 c2 86. g8=Q c1=Q 87. Qd5+ Ke3 88. Qxf5 Qd1+ 89. Ka2 Qa4+ 90. Kb2 Qxf4 91. Qxf4+ Kxf4 1/2-1/2

[Event "WYCC U18 Girls 2019"]
[Site "Mumbai"]
[Date "2019.10.03"]
[Round "2.3"]
[White "Aciu, Malina-Andreea"]
[Black "Obolentseva, Alexandra"]
[Result "0-1"]
[ECO "B22"]
[WhiteElo "2076"]
[BlackElo "2282"]
[Annotator "NA"]
[PlyCount "108"]
[EventDate "2019.10.02"]
[EventType "swiss"]
[EventCountry "IND"]
[SourceTitle "playchess.com"]
[Source "ChessBase"]
[SourceQuality "1"]
[TimeControl "40/5400+30:1800+30"]

1. e4 c5 2. c3 Nf6 3. e5 Nd5 4. d4 cxd4 5. Nf3 d6 6. cxd4 Nc6 7. Bc4 dxe5 8. Bxd5 Qxd5 9. Nc3 Qd6 10. d5 Nd4 11. Nxd4 exd4 12. Qxd4 e5 13. Qd3 Bd7 14. O-O f5 15. Bd2 Be7 16. Nb5 Bxb5 17. Qxb5+ Qd7 18. Qb3 Bd6 19. Bb4 O-O 20. Rfd1 Rf7 21. Rac1 Rd8 22. Bxd6 Qxd6 23. Rc3 h6 24. Qc2 Kh7 25. h3 Rdd7 26. a3 Rde7 27. Rc4 Rf6 28. b4 e4 29. Kh1 Rg6 30. Qe2 Qe5 31. Rcd4 Rd6 32. f3 exf3 33. Qxf3 g5 34. R4d3 Kg6 35. Kg1 h5 36. Kf2 g4 37. hxg4 fxg4 38. Qg3 Rf7+ 39. Kg1 Rxd5 40. Qxe5 Rxe5 41. Rd6+ Kg5 42. Rd8 Re3 43. R8d7 Rxd7 44. Rxd7 Rxa3 45. Rxb7 Kh4 46. Kf1 Kg3 47. Rh7 h4 48. Rg7 Ra1+ 49. Ke2 Rb1 50. Rxa7 Rxb4 51. Rh7 Rb2+ 52. Kf1 Rf2+ 53. Ke1 Rxg2 54. Rh8 h3 0-1

[Event "WYCC U18 Girls 2019"]
[Site "Mumbai"]
[Date "2019.10.03"]
[Round "2.4"]
[White "Radeva, Viktoria"]
[Black "Hamedi Nia, Vesal"]
[Result "1/2-1/2"]
[ECO "B33"]
[WhiteElo "2277"]
[BlackElo "2057"]
[Annotator "NA"]
[PlyCount "109"]
[EventDate "2019.10.02"]
[EventType "swiss"]
[EventCountry "IND"]
[SourceTitle "playchess.com"]
[Source "ChessBase"]
[SourceQuality "1"]
[TimeControl "40/5400+30:1800+30"]

1. e4 c5 2. Nf3 Nc6 3. d4 cxd4 4. Nxd4 Nf6 5. Nc3 e5 6. Ndb5 d6 7. Bg5 a6 8. Na3 b5 9. Nd5 Be7 10. Bxf6 Bxf6 11. c3 Bg5 12. Nc2 Rb8 13. Be2 O-O 14. O-O Be6 15. Qd3 a5 16. Rfd1 g6 17. Bf3 Kg7 18. g3 h5 19. h4 Bh6 20. Bg2 Bg4 21. Re1 Qd7 22. Nce3 Be6 23. Rad1 Qa7 24. a3 Rfd8 25. Qe2 Ne7 26. Nxe7 Qxe7 27. Nd5 Qa7 28. Rd3 b4 29. axb4 Bxd5 30. Rxd5 axb4 31. c4 Rbc8 32. Red1 Qa6 33. Bf1 Kh7 34. c5 Qa4 35. Qf3 Kg8 36. b3 Qa2 37. Bc4 Qa7 38. cxd6 Bg7 39. Qd3 Rd7 40. Kg2 Bf8 41. Bb5 Rc3 42. Qe2 Rd8 43. Bc4 Rd7 44. Bb5 Rd8 45. Ba4 Qb8 46. d7 Qc7 47. Qa6 Bc5 48. Qf6 Rc2 49. Qxe5 Rxf2+ 50. Kh3 Bd6 51. Qxd6 Qc2 52. R5d2 Rxd2 53. Qxd2 Qxe4 54. Re1 Qf5+ 55. Kh2 1/2-1/2

[Event "WYCC U18 Girls 2019"]
[Site "Mumbai"]
[Date "2019.10.03"]
[Round "2.5"]
[White "Nomindalai Tumurbaatar"]
[Black "Muetsch, Annmarie"]
[Result "0-1"]
[ECO "A41"]
[WhiteElo "2061"]
[BlackElo "2266"]
[Annotator "NA"]
[PlyCount "62"]
[EventDate "2019.10.02"]
[EventType "swiss"]
[EventCountry "IND"]
[SourceTitle "playchess.com"]
[Source "ChessBase"]
[SourceQuality "1"]
[TimeControl "40/5400+30:1800+30"]

1. d4 d6 2. Bf4 Nd7 3. e3 e5 4. dxe5 dxe5 5. Bg3 Ngf6 6. Nd2 h6 7. Nc4 e4 8. Ne2 a6 9. Nd4 g6 10. c3 Nh5 11. Qc2 Nxg3 12. hxg3 Qe7 13. O-O-O Bg7 14. Rh4 Nf6 15. f3 O-O 16. Qf2 Re8 17. Nc2 b5 18. Nd2 Bb7 19. f4 c5 20. Be2 Nd7 21. g4 Nb6 22. f5 Qf6 23. Nb1 g5 24. Rhh1 Bd5 25. a3 Ba2 26. Qg3 Nd5 27. Rd2 b4 28. axb4 cxb4 29. Rhd1 bxc3 30. bxc3 Nxc3 31. Nxc3 Qxc3 0-1

[Event "WYCC U18 Girls 2019"]
[Site "Mumbai"]
[Date "2019.10.03"]
[Round "2.6"]
[White "Shpanko, Nadiia"]
[Black "Khachatryan, Anna"]
[Result "1-0"]
[ECO "A33"]
[WhiteElo "2213"]
[BlackElo "2044"]
[Annotator "NA"]
[PlyCount "69"]
[EventDate "2019.10.02"]
[EventType "swiss"]
[EventCountry "IND"]
[SourceTitle "playchess.com"]
[Source "ChessBase"]
[SourceQuality "1"]
[TimeControl "40/5400+30:1800+30"]

1. d4 Nf6 2. c4 c5 3. Nf3 cxd4 4. Nxd4 Nc6 5. Nc3 e6 6. Ndb5 d6 7. Bf4 e5 8. Bg5 a6 9. Bxf6 gxf6 10. Na3 f5 11. e3 Be6 12. Nc2 Rc8 13. Qd2 Na5 14. b3 Be7 15. Nb4 O-O 16. Nbd5 Bg5 17. Be2 Kh8 18. f4 Bh6 19. g3 Bg7 20. Rd1 e4 21. Na4 Rc6 22. O-O Rg8 23. Rc1 h6 24. Kf2 Kh7 25. Rfd1 Re8 26. Qe1 Kg8 27. c5 dxc5 28. Ndb6 Qc7 29. Qxa5 Bf6 30. Rxc5 Bd8 31. Rdc1 Qd6 32. Rxc6 bxc6 33. Qxa6 Qd2 34. Rd1 Qxa2 35. Qa8 1-0

[Event "WYCC U18 Girls 2019"]
[Site "Mumbai"]
[Date "2019.10.03"]
[Round "2.7"]
[White "Swiech, Joanna"]
[Black "Serikbay, Assel"]
[Result "0-1"]
[ECO "D10"]
[WhiteElo "2054"]
[BlackElo "2208"]
[Annotator "NA"]
[PlyCount "64"]
[EventDate "2019.10.02"]
[EventType "swiss"]
[EventCountry "IND"]
[SourceTitle "playchess.com"]
[Source "ChessBase"]
[SourceQuality "1"]
[TimeControl "40/5400+30:1800+30"]

1. d4 d5 2. c4 c6 3. cxd5 cxd5 4. Nc3 Nf6 5. Bf4 Nc6 6. e3 a6 7. Bd3 g6 8. Qc2 Bg7 9. a3 Nh5 10. Nge2 O-O 11. O-O Nxf4 12. Nxf4 e5 13. dxe5 d4 14. exd4 Nxd4 15. Qd1 Bxe5 16. Nfe2 Bg4 17. f3 Be6 18. f4 Bg7 19. Nxd4 Qxd4+ 20. Kh1 Rad8 21. Be4 Qb6 22. Qe2 Rfe8 23. Qc2 Bb3 24. Qb1 Bc4 25. Rc1 Qe3 26. Bxb7 Qxf4 27. Re1 Be5 28. g3 Qf2 29. Rg1 Rb8 30. Qe4 Rxb7 31. Qxb7 Bxc3 32. bxc3 Be2 0-1

[Event "WYCC U18 Girls 2019"]
[Site "Mumbai"]
[Date "2019.10.03"]
[Round "2.8"]
[White "Cervantes Landeiro, Thalia"]
[Black "Azali, Tannaz"]
[Result "1-0"]
[ECO "E11"]
[WhiteElo "2176"]
[BlackElo "2022"]
[Annotator "NA"]
[PlyCount "45"]
[EventDate "2019.10.02"]
[EventType "swiss"]
[EventCountry "IND"]
[SourceTitle "playchess.com"]
[Source "ChessBase"]
[SourceQuality "1"]
[TimeControl "40/5400+30:1800+30"]

1. d4 Nf6 2. c4 e6 3. Nf3 Bb4+ 4. Nbd2 b6 5. a3 Bxd2+ 6. Qxd2 Bb7 7. e3 O-O 8. Bd3 Ne4 9. Qc2 f5 10. O-O d6 11. d5 exd5 12. Nd4 Qe7 13. f3 c5 14. fxe4 fxe4 15. Nf5 Qe5 16. Qf2 Nd7 17. Be2 d4 18. Bg4 Nf6 19. Bh3 d3 20. Bd2 d5 21. Bc3 Qc7 22. Qh4 Ne8 23. Ne7+ 1-0

[Event "WYCC U18 Girls 2019"]
[Site "Mumbai"]
[Date "2019.10.03"]
[Round "2.9"]
[White "Nilssen, Ellen Fredericia"]
[Black "Zeliantsova, Kseniya"]
[Result "1-0"]
[ECO "E73"]
[WhiteElo "2137"]
[BlackElo "1994"]
[Annotator "NA"]
[PlyCount "85"]
[EventDate "2019.10.02"]
[EventType "swiss"]
[EventCountry "IND"]
[SourceTitle "playchess.com"]
[Source "ChessBase"]
[SourceQuality "1"]
[TimeControl "40/5400+30:1800+30"]

1. d4 Nf6 2. c4 g6 3. Nc3 Bg7 4. e4 d6 5. Be2 O-O 6. Bg5 c5 7. d5 h6 8. Be3 e6 9. Qd2 exd5 10. exd5 Kh7 11. h3 Qe7 12. Nf3 Na6 13. O-O Bf5 14. a3 Nc7 15. Rfe1 b5 16. Bxc5 Qd7 17. Bd4 bxc4 18. Bxc4 Rfe8 19. Rxe8 Rxe8 20. Re1 Rxe1+ 21. Nxe1 h5 22. Nf3 Kg8 23. Qe3 a6 24. b4 Nb5 25. Bxb5 axb5 26. Qe2 Qc8 27. Qxb5 Ne4 28. Ne2 Qc2 29. Be3 Nf6 30. Ned4 Qd1+ 31. Kh2 Bd7 32. Qb8+ Ne8 33. b5 Qd3 34. a4 g5 35. Qd8 g4 36. Qxd7 Nf6 37. Qd8+ Kh7 38. Ng5+ Kg6 39. Qe7 g3+ 40. fxg3 h4 41. Qxf7+ Kh6 42. Nge6+ Qxe3 43. Nf5+ {Bf8} 1-0

[Event "WYCC U18 Girls 2019"]
[Site "Mumbai"]
[Date "2019.10.03"]
[Round "2.10"]
[White "Nguyen, Hong Anh"]
[Black "Tarini Goyal"]
[Result "0-1"]
[ECO "A05"]
[WhiteElo "2023"]
[BlackElo "2128"]
[Annotator "NA"]
[PlyCount "77"]
[EventDate "2019.10.02"]
[EventType "swiss"]
[EventCountry "IND"]
[SourceTitle "playchess.com"]
[Source "ChessBase"]
[SourceQuality "1"]
[TimeControl "40/5400+30:1800+30"]

1. Nf3 Nf6 2. g3 d5 3. Bg2 e6 4. O-O Be7 5. d4 b5 6. b3 Bb7 7. c4 bxc4 8. bxc4 dxc4 9. Qa4+ Bc6 10. Qxc4 Bd5 11. Qc2 Nc6 12. Nbd2 Nb4 13. Qb1 Rb8 14. a3 Nc6 15. Qc2 Na5 16. e4 Ba8 17. Re1 O-O 18. Bb2 c5 19. dxc5 Rc8 20. Rad1 Rxc5 21. Qb1 Qb8 22. Bd4 Rb5 23. Qa1 Nb3 24. Nxb3 Rxb3 25. Rb1 Rxb1 26. Rxb1 Qc7 27. Nd2 Qa5 28. Nc4 Qa4 29. Ne3 Rd8 30. e5 Ne4 31. Rd1 Ng5 32. Bc5 Rxd1+ 33. Qxd1 Qxd1+ 34. Nxd1 Nh3+ 35. Bxh3 Bxc5 36. Kf1 Bf3 37. Nc3 Bxa3 38. Nb5 Bc5 39. Bg2 0-1

[Event "WYCC U18 Girls 2019"]
[Site "Mumbai"]
[Date "2019.10.03"]
[Round "2.11"]
[White "Kucharska, Honorata"]
[Black "Onur, Cigdem"]
[Result "1-0"]
[ECO "B40"]
[WhiteElo "2114"]
[BlackElo "1913"]
[Annotator "NA"]
[PlyCount "80"]
[EventDate "2019.10.02"]
[EventType "swiss"]
[EventCountry "IND"]
[SourceTitle "playchess.com"]
[Source "ChessBase"]
[SourceQuality "1"]
[TimeControl "40/5400+30:1800+30"]

1. e4 c5 2. Nf3 e6 3. d3 d5 4. Nbd2 Nc6 5. g3 g6 6. Bg2 Bg7 7. O-O Nge7 8. Qe2 O-O 9. Re1 b6 10. Nf1 Ba6 11. e5 Qc7 12. Bf4 d4 13. Qd2 Rad8 14. Bg5 Rd7 15. Bh6 Re8 16. Bxg7 Kxg7 17. Re4 Nb4 18. Ng5 Nf5 19. a3 Nd5 20. Nf3 Bb7 21. g4 Nh6 22. Ng3 Ne7 23. Qg5 Nhg8 24. Nh5+ Kh8 25. Nf6 Nxf6 26. exf6 Ng8 27. Ne5 Bxe4 28. Bxe4 Rd5 29. Bxd5 exd5 30. Re1 h6 31. Qf4 Rc8 32. g5 hxg5 33. Qxg5 Kh7 34. Qh4+ Nh6 35. Nf3 Qd8 36. Re7 Qf8 37. Rxf7+ Qxf7 38. Ng5+ Kg8 39. Nxf7 Nxf7 40. Qg4 Rc7 1-0

[Event "WYCC U18 Girls 2019"]
[Site "Mumbai"]
[Date "2019.10.03"]
[Round "2.13"]
[White "Sowa, Wiktoria"]
[Black "Schulze, Lara"]
[Result "0-1"]
[ECO "B50"]
[WhiteElo "2016"]
[BlackElo "2327"]
[Annotator "NA"]
[PlyCount "72"]
[EventDate "2019.10.02"]
[EventType "swiss"]
[EventCountry "IND"]
[SourceTitle "playchess.com"]
[Source "ChessBase"]
[SourceQuality "1"]
[TimeControl "40/5400+30:1800+30"]

1. e4 c5 2. Nf3 d6 3. d4 Nf6 4. dxc5 Nxe4 5. cxd6 Nc6 6. Bd3 Nxd6 7. h3 g6 8. O-O Bg7 9. c3 O-O 10. Bg5 h6 11. Bf4 e5 12. Bh2 Re8 13. Bc2 Bf5 14. Na3 Bxc2 15. Nxc2 Nc4 16. Qe2 Nxb2 17. Nb4 Nxb4 18. Qxb2 Nd5 19. Rad1 Qb6 20. Qa3 Qc6 21. Rc1 Nb6 22. Rfd1 Nc4 23. Qb3 b5 24. Ne1 e4 25. Nc2 Rad8 26. Nd4 Qc5 27. Bf4 e3 28. Bxe3 Nxe3 29. fxe3 Rxe3 30. Rf1 Rxc3 31. Qxf7+ Kh7 32. Rce1 Qxd4+ 33. Kh1 Rd7 34. Qe8 Qd5 35. Kg1 Rc2 36. Re6 Qxg2# 0-1

[Event "WYCC U18 Girls 2019"]
[Site "Mumbai"]
[Date "2019.10.03"]
[Round "2.14"]
[White "Munkhzul, Turmunkh"]
[Black "Yuti Mayur Patel"]
[Result "1-0"]
[ECO "C78"]
[WhiteElo "2332"]
[BlackElo "1457"]
[Annotator "NA"]
[PlyCount "71"]
[EventDate "2019.10.02"]
[EventType "swiss"]
[EventCountry "IND"]
[SourceTitle "playchess.com"]
[Source "ChessBase"]
[SourceQuality "1"]
[TimeControl "40/5400+30:1800+30"]

1. e4 e5 2. Nf3 Nc6 3. Bb5 a6 4. Ba4 Nf6 5. O-O b5 6. Bb3 Bc5 7. c3 d6 8. d4 exd4 9. cxd4 Bb6 10. h3 h6 11. Nc3 O-O 12. e5 dxe5 13. dxe5 Nd7 14. Bd5 Bb7 15. e6 Nf6 16. exf7+ Kh8 17. Bxc6 Qxd1 18. Rxd1 Bxc6 19. Ne5 Be4 20. Nxe4 Nxe4 21. Ng6+ Kh7 22. Nxf8+ Rxf8 23. Be3 Bxe3 24. fxe3 Rxf7 25. Rf1 Re7 26. Rad1 Nd6 27. Rd3 Re6 28. Rc1 Re7 29. b3 Nb7 30. Rc6 b4 31. e4 a5 32. e5 Rxe5 33. Rxc7 Nc5 34. Rg3 Ne6 35. Re7 Re2 36. Rgxg7+ 1-0

[Event "WYCC U18 Girls 2019"]
[Site "Mumbai"]
[Date "2019.10.03"]
[Round "3.1"]
[White "Shuvalova, Polina"]
[Black "Cervantes Landeiro, Thalia"]
[Result "1/2-1/2"]
[ECO "B90"]
[WhiteElo "2412"]
[BlackElo "2176"]
[Annotator "NA"]
[PlyCount "97"]
[EventDate "2019.10.02"]
[EventType "swiss"]
[EventCountry "IND"]
[SourceTitle "playchess.com"]
[Source "ChessBase"]
[SourceQuality "1"]
[TimeControl "40/5400+30:1800+30"]

1. e4 c5 2. Nf3 d6 3. d4 cxd4 4. Nxd4 Nf6 5. Nc3 a6 6. a3 e5 7. Nf5 d5 8. Bg5 d4 9. Bxf6 Qxf6 10. Nd5 Qc6 11. c4 g6 12. Nxd4 exd4 13. Qxd4 f6 14. b4 Kf7 15. c5 Nd7 16. Bc4 Ne5 17. Bb3 Be6 18. O-O Nd7 19. f4 Bxc5 20. bxc5 Qxc5 21. Rad1 Kg7 22. f5 gxf5 23. exf5 Bf7 24. Rf3 Rhd8 25. Nf4 Qxd4+ 26. Rxd4 Nc5 27. Rxd8 Rxd8 28. Bxf7 Kxf7 29. Kf1 Rd4 30. Ke2 b5 31. g3 a5 32. Rc3 Re4+ 33. Kf3 Re5 34. g4 b4 35. axb4 axb4 36. Rc4 b3 37. Rb4 Re1 38. Ne2 Rb1 39. Ke3 b2 40. Nc3 Rc1 41. Kd2 Ne4+ 42. Rxe4 Rxc3 43. Rb4 Rh3 44. Rb7+ Kg8 45. Ke2 Rxh2+ 46. Ke3 Rg2 47. Kf3 Rc2 48. Ke4 Rd2 49. Ke3 1/2-1/2

[Event "WYCC U18 Girls 2019"]
[Site "Mumbai"]
[Date "2019.10.03"]
[Round "3.2"]
[White "Obolentseva, Alexandra"]
[Black "Nilssen, Ellen Fredericia"]
[Result "1/2-1/2"]
[ECO "D94"]
[WhiteElo "2282"]
[BlackElo "2137"]
[Annotator "NA"]
[PlyCount "60"]
[EventDate "2019.10.02"]
[EventType "swiss"]
[EventCountry "IND"]
[SourceTitle "playchess.com"]
[Source "ChessBase"]
[SourceQuality "1"]
[TimeControl "40/5400+30:1800+30"]

1. d4 Nf6 2. c4 g6 3. Nc3 d5 4. Nf3 Bg7 5. e3 O-O 6. cxd5 Nxd5 7. Bc4 Nb6 8. Bb3 c5 9. O-O cxd4 10. exd4 Nc6 11. Qe2 Bg4 12. Qe4 Bxf3 13. Qxf3 a5 14. Rd1 a4 15. Bc2 Nxd4 16. Qxb7 a3 17. Bd3 Rc8 18. Rb1 Qc7 19. Qxc7 Rxc7 20. Nb5 Nxb5 21. Bxb5 axb2 22. Bxb2 Ra8 23. Bxg7 Kxg7 24. Rd2 Na4 25. Bf1 Nc3 26. Rbb2 Rca7 27. Bc4 Rc7 28. Bf1 Rca7 29. Bc4 Rc7 30. Bf1 Rca7 1/2-1/2

[Event "WYCC U18 Girls 2019"]
[Site "Mumbai"]
[Date "2019.10.03"]
[Round "3.3"]
[White "Serikbay, Assel"]
[Black "Radeva, Viktoria"]
[Result "1/2-1/2"]
[ECO "E06"]
[WhiteElo "2208"]
[BlackElo "2277"]
[Annotator "NA"]
[PlyCount "94"]
[EventDate "2019.10.02"]
[EventType "swiss"]
[EventCountry "IND"]
[SourceTitle "playchess.com"]
[Source "ChessBase"]
[SourceQuality "1"]
[TimeControl "40/5400+30:1800+30"]

1. d4 d5 2. Nf3 Nf6 3. c4 e6 4. g3 Be7 5. Bg2 O-O 6. O-O c6 7. Qc2 b6 8. Nbd2 Bb7 9. e4 dxc4 10. Nxc4 Nbd7 11. Ne3 Rc8 12. Rd1 Qc7 13. b3 Qb8 14. Bb2 Rfd8 15. Ne1 Qa8 16. f4 Bf8 17. Qe2 Re8 18. Qc2 a5 19. Rac1 b5 20. a3 Qa7 21. e5 Nd5 22. Nxd5 cxd5 23. Qe2 Ba6 24. Bf1 Nb8 25. Nd3 b4 26. a4 Rc6 27. Qf2 Rec8 28. f5 Rxc1 29. Rxc1 Rxc1 30. Nxc1 Bxf1 31. Kxf1 Qa6+ 32. Ke1 exf5 33. Qxf5 g6 34. Qf3 Qc6 35. Qg2 Bh6 36. Nd3 Nd7 37. g4 Bg5 38. Qf2 Nf8 39. h4 Be7 40. g5 Ne6 41. Kd1 Ng7 42. Nf4 Nf5 43. Ng2 Bd8 44. Kd2 Bb6 45. Nf4 Bd8 46. Ng2 Qd7 47. Nf4 Qc6 1/2-1/2

[Event "WYCC U18 Girls 2019"]
[Site "Mumbai"]
[Date "2019.10.03"]
[Round "3.4"]
[White "Muetsch, Annmarie"]
[Black "Kucharska, Honorata"]
[Result "0-1"]
[ECO "C01"]
[WhiteElo "2266"]
[BlackElo "2114"]
[Annotator "NA"]
[PlyCount "60"]
[EventDate "2019.10.02"]
[EventType "swiss"]
[EventCountry "IND"]
[SourceTitle "playchess.com"]
[Source "ChessBase"]
[SourceQuality "1"]
[TimeControl "40/5400+30:1800+30"]

1. e4 e6 2. d4 d5 3. exd5 exd5 4. Nf3 Bd6 5. Bd3 Nc6 6. O-O Nge7 7. c3 Bg4 8. Nbd2 Qd7 9. Re1 O-O-O 10. b4 Rde8 11. b5 Nd8 12. Qa4 Kb8 13. Ne5 Bxe5 14. Rxe5 f6 15. Re1 Ng6 16. Rxe8 Rxe8 17. Nf1 Nh4 18. Ne3 Nf7 19. Qc2 Ng5 20. Be2 Bf3 21. Bxf3 Ngxf3+ 22. Kh1 f5 23. Bd2 f4 24. Nf5 Nxf5 25. gxf3 Nh4 26. Rg1 Qh3 27. Qd1 Nxf3 28. Rg2 g5 29. a4 Nh4 30. Rg4 Qd3 0-1

[Event "WYCC U18 Girls 2019"]
[Site "Mumbai"]
[Date "2019.10.03"]
[Round "3.5"]
[White "Tarini Goyal"]
[Black "Shpanko, Nadiia"]
[Result "1/2-1/2"]
[ECO "E06"]
[WhiteElo "2128"]
[BlackElo "2213"]
[Annotator "NA"]
[PlyCount "49"]
[EventDate "2019.10.02"]
[EventType "swiss"]
[EventCountry "IND"]
[SourceTitle "playchess.com"]
[Source "ChessBase"]
[SourceQuality "1"]
[TimeControl "40/5400+30:1800+30"]

1. d4 Nf6 2. c4 e6 3. g3 d5 4. Nf3 Be7 5. Bg2 O-O 6. Nc3 dxc4 7. Ne5 Nc6 8. Bxc6 bxc6 9. Nxc6 Qe8 10. Nxe7+ Qxe7 11. Qa4 c5 12. dxc5 Qxc5 13. Be3 Qc7 14. O-O-O a5 15. Rd2 Ng4 16. Rhd1 Nxe3 17. fxe3 Qc5 18. Qb5 Qxe3 19. Qxc4 Ba6 20. Qd4 Qh6 21. e3 Qg5 22. Qf4 Qc5 23. Qd4 Qg5 24. Qf4 Qc5 25. Qd4 1/2-1/2

[Event "WYCC U18 Girls 2019"]
[Site "Mumbai"]
[Date "2019.10.03"]
[Round "3.8"]
[White "Gomez Barrera, Javiera Belen"]
[Black "Vantika Agrawal"]
[Result "0-1"]
[ECO "B90"]
[WhiteElo "2033"]
[BlackElo "2283"]
[Annotator "NA"]
[PlyCount "127"]
[EventDate "2019.10.02"]
[EventType "swiss"]
[EventCountry "IND"]
[SourceTitle "playchess.com"]
[Source "ChessBase"]
[SourceQuality "1"]
[TimeControl "40/5400+30:1800+30"]

1. e4 c5 2. Nf3 d6 3. d4 cxd4 4. Nxd4 Nf6 5. Nc3 a6 6. Be3 e5 7. Nb3 Be6 8. Be2 Nbd7 9. O-O Be7 10. f4 exf4 11. Rxf4 O-O 12. Nd4 Ne5 13. Nf5 Re8 14. Qe1 Bxf5 15. Rxf5 Qd7 16. Qf1 Rac8 17. Rd1 Qe6 18. Bd4 g6 19. Rf4 Nfd7 20. h4 h5 21. a3 Bf8 22. Nd5 Rxc2 23. Bc3 Rc8 24. Bd3 R2xc3 25. bxc3 Bh6 26. Rf2 Ng4 27. Rf3 Nde5 28. Rg3 b5 29. Be2 Bg7 30. Qf4 Bh6 31. Qf1 Kg7 32. Nf4 Qf6 33. Nd5 Qxh4 34. Rh3 Qd8 35. Bxg4 hxg4 36. Rh1 Qg5 37. Qe2 Nf3+ 38. Kf1 Ne5 39. Kg1 Nf3+ 40. Kf1 Nd2+ 41. Ke1 Nc4 42. Qf2 Re8 43. Qf6+ Qxf6 44. Nxf6 Kxf6 45. Rxh6 Rxe4+ 46. Kf2 Re3 47. Rc1 g3+ 48. Kg1 Nxa3 49. Rh4 Kg5 50. Rh7 Re7 51. Rf1 Re3 52. Rf3 Rxf3 53. gxf3 f5 54. Kg2 f4 55. Ra7 Nc2 56. Rxa6 Ne1+ 57. Kh3 Nxf3 58. Rxd6 Kh5 59. Rb6 Ng5+ 60. Kg2 Kh4 61. Rxg6 f3+ 62. Kf1 Nh3 63. Rh6+ Kg4 64. Rf6 0-1

[Event "WYCC U18 Girls 2019"]
[Site "Mumbai"]
[Date "2019.10.03"]
[Round "3.9"]
[White "Harshini A"]
[Black "Kostava, Elene"]
[Result "1-0"]
[ECO "B83"]
[WhiteElo "2230"]
[BlackElo "1833"]
[Annotator "NA"]
[PlyCount "98"]
[EventDate "2019.10.02"]
[EventType "swiss"]
[EventCountry "IND"]
[SourceTitle "playchess.com"]
[Source "ChessBase"]
[SourceQuality "1"]
[TimeControl "40/5400+30:1800+30"]

1. e4 c5 2. Nf3 Nc6 3. d4 cxd4 4. Nxd4 Nf6 5. Nc3 d6 6. Be2 e6 7. O-O Be7 8. Be3 O-O 9. Kh1 Bd7 10. Ndb5 Qb8 11. a4 a6 12. Na3 Qc7 13. Nc4 Ne5 14. Nb6 Rab8 15. f4 Ng6 16. Nxd7 Nxd7 17. a5 Bf6 18. Na4 Rfd8 19. c3 Ne7 20. Nb6 Nc5 21. Qc2 g6 22. Rad1 d5 23. exd5 Nxd5 24. Nxd5 Rxd5 25. Rxd5 exd5 26. f5 Be5 27. Bf3 Ne4 28. Bxe4 dxe4 29. Qxe4 Bxh2 30. Qh4 Bg3 31. Qh6 Qc4 32. Rf4 Qe2 33. f6 Qd1+ 34. Bg1 Qh5+ 35. Qxh5 gxh5 36. Rf5 Kh8 37. Rxh5 Re8 38. Rh3 Be5 39. Bd4 Bxd4 40. cxd4 Re6 41. Rb3 Rxf6 42. Rxb7 Rf5 43. b4 Rd5 44. Rxf7 Rb5 45. d5 Rxd5 46. Rb7 h5 47. b5 axb5 48. a6 Rd8 49. a7 Rc8 1-0

[Event "WYCC U18 Girls 2019"]
[Site "Mumbai"]
[Date "2019.10.03"]
[Round "3.10"]
[White "Priyanka, Kumari"]
[Black "Hng, Mei-En Emmanuelle"]
[Result "1/2-1/2"]
[ECO "B42"]
[WhiteElo "1921"]
[BlackElo "2002"]
[Annotator "NA"]
[PlyCount "142"]
[EventDate "2019.10.02"]
[EventType "swiss"]
[EventCountry "IND"]
[SourceTitle "playchess.com"]
[Source "ChessBase"]
[SourceQuality "1"]
[TimeControl "40/5400+30:1800+30"]

1. e4 c5 2. Nf3 e6 3. d4 cxd4 4. Nxd4 a6 5. Bd3 Bc5 6. Nb3 Ba7 7. Qe2 d6 8. Be3 Nf6 9. O-O Bxe3 10. Qxe3 Nc6 11. c4 Bd7 12. Nc3 O-O 13. Rad1 Qc7 14. f4 Nb4 15. Be2 e5 16. fxe5 dxe5 17. Rxf6 gxf6 18. a3 Nc2 19. Qg3+ Kh8 20. Nd5 Qc6 21. Qf2 f5 22. Bf1 Nd4 23. Nxd4 exd4 24. Qxd4+ f6 25. Ne7 Qxe4 26. Qxe4 fxe4 27. Rxd7 Rad8 28. Rxd8 Rxd8 29. Nd5 Kg7 30. Kf2 b5 31. Ke3 Kf7 32. cxb5 axb5 33. Bxb5 Ke6 34. Nc3 f5 35. g4 fxg4 36. Nxe4 Rf8 37. Be2 h5 38. Ng3 h4 39. Ne4 Kf5 40. Nd6+ Ke6 41. Ne4 Kf5 42. Bd3 Ke5 43. Nd2 Rg8 44. Be4 g3 45. hxg3 Rxg3+ 46. Nf3+ Kd6 47. Kf2 Kc5 48. Bd3 Rg4 49. b4+ Kd5 50. Ke3 h3 51. Bf1 Rg3 52. Kf2 h2 53. Bg2 Rg7 54. Nxh2+ Kc4 55. Bc6 Ra7 56. b5 Rxa3 57. Nf3 Kc5 58. Nd2 Ra7 59. Ke3 Rc7 60. Nb3+ Kb6 61. Nd4 Rh7 62. Kd3 Kc5 63. Ne6+ Kd6 64. Ng5 Rh4 65. Ne4+ Kc7 66. Nc3 Kb6 67. Kc2 Rc4 68. Be8 Rc8 69. Bd7 Rc7 70. Bf5 Rxc3+ 71. Kxc3 Kxb5 1/2-1/2